 Dungeon Crawl Stone Soup version 0.31-a0-182-gc5ef74bbde (webtiles) character file.

Game seed: 5734631520745431810

836 qw the Chopper (level 7, -1/44 HPs)
             Began as a Gargoyle Fighter on June 21, 2023.
             Slain by a gnoll
             ... wielding a +0 flail
              (3 damage)
             ... on level 5 of the Dungeon.
             The game lasted 00:03:33 (3867 turns).

qw the Chopper (Gargoyle Fighter)                   Turns: 3867, Time: 00:03:33

Health: -1/44      AC: 17    Str: 21    XL:     7   Next: 99%
Magic:  7/7        EV: 11    Int:  9    God:
Gold:   168        SH:  5    Dex: 15    Spells: 6/6 levels left

rFire   + . .        Y - +1 war axe
rCold   + . .        c - +0 buckler
rNeg    + + .        n - +8 ring mail of Sharp Curiosity {rC+ rN+}
rPois   inf          f - +2 hat
rElec   +            (no cloak)
rCorr   .            j - +0 pair of gloves
SInv    +            (no boots)
Will    .....        (no amulet)
Stlth   ++           e - ring "Xegaluj" {rPois rF+ Slay-6 SInv Stlth+}
HPRegen 0.27/turn    i - +6 ring of dexterity
MPRegen 0.10/turn

%: no passive effects
@: about to teleport, corroded
A: sickness immunity, AC +4, negative energy resistance 1, electricity
resistance, torment resistance 1, petrification resistance, antennae 1
a: no special abilities


You were on level 5 of the Dungeon.
You visited 1 branch of the dungeon, and saw 5 of its levels.

You collected 168 gold pieces.


Innate Abilities, Weirdness & Mutations

You are immune to sickness and miasma.
Your stone body is resilient. (AC +4)
You are immune to poison.
You resist negative energy. (rN+)
You are resistant to electric shocks. (rElec)
You are resistant to unholy torment.
You are immune to petrification.
You have a pair of small antennae on your head.


   Skills:
 - Level 5.0 Fighting
 + Level 7.0 Axes
 - Level 3.2 Armour
 - Level 2.0 Dodging
 - Level 3.2 Shields


You had 6 spell levels left.
You didn't know any spells.
Your spell library was empty.

Inventory:

Hand Weapons
 o - the +5 mace "Vomul" {vamp, rF+ Str+2}
   (You found it on level 3 of the Dungeon)

   Str:       It affects your strength (+2).
   rF:        It protects you from fire.
 p - a +0 flail
 Y - a +1 war axe (weapon)
Armour
 c - a +0 buckler (worn)
 f - a +2 hat (worn)
 j - a +0 pair of gloves (worn)
 n - the +8 ring mail of Sharp Curiosity (worn) {rC+ rN+}
   (You found it on level 2 of the Dungeon)

   rC:        It protects you from cold.
   rN:        It protects you from negative energy.
Jewellery
 e - the ring "Xegaluj" (left hand) {rPois rF+ Slay-6 SInv Stlth+}
   (You acquired it on level 1 of the Dungeon)

   [ring of protection from fire]

   Slay:      It affects your accuracy & damage with ranged weapons and melee
   (-6).
   rF:        It protects you from fire.
   rPois:     It protects you from poison.
   SInv:      It lets you see invisible.
   Stlth:     It makes you more stealthy.
 i - a +6 ring of dexterity (right hand)
Scrolls
 a - 3 scrolls of identify
Potions
 b - a potion of mutation
 d - a potion of might
 k - a potion of lignification
 l - a potion of haste
 s - a potion of curing

Dungeon Overview and Level Annotations

Branches:
Dungeon (5/15)
 Temple: D:4-7

Altars:
Ashenzari
Gozag
Sif Muna
Xom

Annotations:
D:3 exclusion: orc


Message History

The gnoll shouts!
You slash the jelly!
You kill the jelly!
You hit the wight.
You hear a shout!
The wight closely misses you. The wight hits you but does no damage.
A gnoll comes into view. It is wielding a +0 whip.
The wight hits you but does no damage. x2
The gnoll shouts!
You hit the wight.
You destroy the wight!
The wight barely misses you.
A gnoll comes into view. It is wielding a +0 flail.
Your Dodging skill increases to level 2!
The gnoll hits you with a +0 spear. The wight hits you but does no damage.
You hit the wight but do no damage. You hit the gnoll but do no damage.
The gnoll barely misses you.
An iguana comes into view.
The wight hits you with a +4 spear! The gnoll hits you with a +0 spear.
3864 ||| READING scroll of teleportation.
As you read the scroll of teleportation, it crumbles to dust.
You feel strangely unstable. The wight hits you but does no damage.
The gnoll barely misses you. You block the gnoll's attack.
You slash the wight!
The wight is heavily damaged.
You hit the gnoll. x2
The gnoll barely misses you. The gnoll closely misses you.
The wight hits you but does no damage.
You hit the wight.
The wight is heavily damaged.
You closely miss the gnoll. You hit the gnoll but do no damage.
The wight hits you but does no damage. The gnoll barely misses you.
You block the gnoll's attack. The gnoll hits you but does no damage.
You barely miss the wight.
The wight is heavily damaged.
You closely miss the gnoll. x2; You hit the gnoll but do no damage.
The wight hits you with a +4 spear. The gnoll closely misses you.
The gnoll hits you but does no damage. x2; The gnoll hits you with a +0 flail.
You die...

#. #.#.# #.#.#
#.#.#
#####.#.### #
......!...##.#
#.....<....#
###./.gg.....##
.....gg@).[.....
###...z.........
#.........#.##
##......#.# #
#.l###.#.# #..
...# #.. .## #..
.#


You could see an iguana, a wight and 4 gnolls.

Vanquished Creatures
  Sigmund (D:4)
  Menkaure (D:4)
  2 wights (D:5)
  3 crimson imps (D:3)
  A hound (D:4)
  A jelly (D:5)
  An orc priest (D:4)
  Ijyb (D:4)
  An orc wizard (D:3)
  6 adders
  2 river rats (D:3)
  2 ufetubi (D:4)
  7 worms
  4 dart slugs
  14 orcs
  5 ball pythons
  7 endoplasms
  3 giant cockroaches (D:1)
  7 goblins
  7 hobgoblins
  8 jackals
  A quokka (D:2)
  2 bats
  2 frilled lizards (D:1)
  6 kobolds
  12 rats
107 creatures vanquished.

Notes
Turn   | Place    | Note
-------+----------+-------------------------------------------
     0 | D:1      | qw the Gargoyle Fighter began the quest for the Orb.
     0 | D:1      | Reached XP level 1. HP: 14/14 MP: 1/1
     0 | D:1      | 0 ||| qw: Version: 0.3-a-9-g12657ce
     0 | D:1      | 0 ||| qw: Game counter: 1598
     0 | D:1      | 0 ||| qw: Always use a shield: true
     0 | D:1      | 0 ||| qw: God list: Okawaru
     0 | D:1      | 0 ||| qw: Allow faded altars: false
     0 | D:1      | 0 ||| qw: Do Orc after D:15 true
     0 | D:1      | 0 ||| qw: Do second Lair branch before Depths: true
     0 | D:1      | 0 ||| qw: Lair rune preference: random
     0 | D:1      | 0 ||| qw: Plans: Normal, Zot:1-4, Slime:5, God:TSO, Crypt,
                  | Tomb, Abyss, Pan, Hells, Win
     0 | D:1      | 0 ||| PLANNING D:1-11
    14 | D:1      | 14 ||| Stepping ~*~*~tactically~*~*~ (hiding).
    24 | D:1      | Reached skill level 2 in Axes
    74 | D:1      | Reached XP level 2. HP: 19/19 MP: 2/2
   110 | D:1      | 110 ||| Stepping ~*~*~tactically~*~*~ (stealth).
   129 | D:1      | 129 ||| Stepping ~*~*~tactically~*~*~ (stealth).
   131 | D:1      | 131 ||| Stepping ~*~*~tactically~*~*~ (stealth).
   264 | D:1      | 264 ||| Stepping ~*~*~tactically~*~*~ (stealth).
   267 | D:1      | Reached skill level 3 in Axes
   274 | D:1      | 274 ||| Stepping ~*~*~tactically~*~*~ (stealth).
   280 | D:1      | Reached XP level 3. HP: 23/23 MP: 3/3
   620 | D:1      | Found a faded altar of an unknown god.
   648 | D:1      | 648 ||| UPGRADING to +2 hat.
   653 | D:1      | 653 ||| UPGRADING to +0 pair of gloves.
   658 | D:1      | 658 ||| READING 2 scrolls labelled RUBRIR AQIME.
   659 | D:1      | 659 ||| READING scroll labelled HEGHAH YNTUA.
   662 | D:1      | 662 ||| READING 2 scrolls labelled ISKIMEATWA.
   662 | D:1      | Identified 2 scrolls of acquirement
   662 | D:1      | 662 ||| ACQUIRING ring "Xegaluj" {rPois rF+ Slay-6 SInv
                  | Stlth+}
   662 | D:1      | Acquired the ring "Xegaluj" {rPois rF+ Slay-6 SInv Stlth+}
   664 | D:1      | 664 ||| UPGRADING to ring "Xegaluj" {rPois rF+ Slay-6 SInv
                  | Stlth+}.
   665 | D:1      | 665 ||| READING scroll of acquirement.
   665 | D:1      | 665 ||| ACQUIRING +6 ring of dexterity
   665 | D:1      | Acquired a +6 ring of dexterity
   667 | D:1      | 667 ||| UPGRADING to +6 ring of dexterity.
   703 | D:2      | 703 ||| Stepping ~*~*~tactically~*~*~ (stealth).
   739 | D:2      | 739 ||| Stepping ~*~*~tactically~*~*~ (stealth).
   747 | D:2      | Found a shimmering blue altar of Sif Muna.
   861 | D:2      | 861 ||| Stepping ~*~*~tactically~*~*~ (stealth).
   863 | D:2      | 863 ||| Stepping ~*~*~tactically~*~*~ (stealth).
   885 | D:2      | 885 ||| Stepping ~*~*~tactically~*~*~ (stealth).
   887 | D:2      | 887 ||| Stepping ~*~*~tactically~*~*~ (stealth).
   889 | D:2      | 889 ||| Stepping ~*~*~tactically~*~*~ (stealth).
   891 | D:2      | 891 ||| Stepping ~*~*~tactically~*~*~ (stealth).
   894 | D:2      | Reached skill level 1 in Dodging
  1082 | D:2      | 1082 ||| Stepping ~*~*~tactically~*~*~ (stealth).
  1084 | D:2      | 1084 ||| Stepping ~*~*~tactically~*~*~ (stealth).
  1086 | D:2      | 1086 ||| Stepping ~*~*~tactically~*~*~ (stealth).
  1160 | D:2      | Reached XP level 4. HP: 28/28 MP: 4/4
  1358 | D:2      | Identified the +8 ring mail of Sharp Curiosity {rC+ rN+}
  1710 | D:2      | 1710 ||| UPGRADING to +8 ring mail of Sharp Curiosity {rC+
                  | rN+}.
  1720 | D:2      | 1720 ||| DROPPING +0 scale mail.
  1721 | D:2      | 1721 ||| READING scroll labelled QOITEY ZABBEK.
  1722 | D:2      | 1722 ||| DRINKING 2 cyan potions.
  1737 | D:3      | 1737 ||| PLANNING SEWER
  1776 | D:3      | 1776 ||| Stepping ~*~*~tactically~*~*~ (stealth).
  1797 | D:3      | Found an opulent altar of Gozag.
  1800 | D:3      | 1800 ||| Stepping ~*~*~tactically~*~*~ (stealth).
  1817 | D:3      | 1817 ||| Stepping ~*~*~tactically~*~*~ (stealth).
  1819 | D:3      | 1819 ||| Stepping ~*~*~tactically~*~*~ (stealth).
  1821 | D:3      | 1821 ||| Stepping ~*~*~tactically~*~*~ (stealth).
  1823 | D:3      | 1823 ||| Stepping ~*~*~tactically~*~*~ (stealth).
  1825 | D:3      | 1825 ||| Stepping ~*~*~tactically~*~*~ (stealth).
  1827 | D:3      | 1827 ||| Stepping ~*~*~tactically~*~*~ (stealth).
  1829 | D:3      | 1829 ||| Stepping ~*~*~tactically~*~*~ (stealth).
  1831 | D:3      | 1831 ||| Stepping ~*~*~tactically~*~*~ (stealth).
  1874 | D:3      | Found a broken altar of Ashenzari.
  1882 | D:3      | 1882 ||| Stepping ~*~*~tactically~*~*~ (stealth).
  1886 | D:3      | 1886 ||| Stepping ~*~*~tactically~*~*~ (stealth).
  1913 | D:3      | 1913 ||| DRINKING potion of curing.
  1913 | D:3      | 1913 ||| (to cure confusion)
  1916 | D:3      | Reached skill level 4 in Axes
  1934 | D:3      | Reached XP level 5. HP: 31/32 MP: 5/5
  2038 | D:3      | 2038 ||| DRINKING 2 black potions.
  2038 | D:3      | Gained mutation: You have a pair of small antennae on your
                  | head. [potion of mutation]
  2039 | D:3      | 2039 ||| READING 2 scrolls of identify.
  2039 | D:3      | 2039 ||| IDENTIFYING fuming orange potion
  2123 | D:3      | Identified the +5 mace "Vomul" {vamp, rF+ Str+2}
  2172 | D:3      | 2172 ||| RIP SEWER
  2172 | D:3      | 2172 ||| PLANNING D:1-11
  2225 | D:3      | Found a shimmering altar of Xom.
  2284 | D:3      | 2284 ||| Stepping ~*~*~tactically~*~*~ (stealth).
  2420 | D:3      | 2420 ||| Stepping ~*~*~tactically~*~*~ (stealth).
  2422 | D:3      | 2422 ||| Stepping ~*~*~tactically~*~*~ (stealth).
  2424 | D:3      | 2424 ||| Stepping ~*~*~tactically~*~*~ (stealth).
  2426 | D:3      | 2426 ||| Stepping ~*~*~tactically~*~*~ (stealth).
  2742 | D:3      | Reached skill level 5 in Axes
  2797 | D:3      | 2797 ||| Stepping ~*~*~tactically~*~*~ (stealth).
  2799 | D:3      | 2799 ||| Stepping ~*~*~tactically~*~*~ (stealth).
  2801 | D:3      | 2801 ||| Stepping ~*~*~tactically~*~*~ (stealth).
  2803 | D:3      | 2803 ||| Stepping ~*~*~tactically~*~*~ (stealth).
  2839 | D:3      | Reached XP level 6. HP: 36/38 MP: 6/6
  2845 | D:3      | 2845 ||| FLEEEEING.
  2846 | D:3      | 2846 ||| FLEEEEING.
  2874 | D:3      | 2874 ||| FLEEEEING.
  2875 | D:3      | 2875 ||| FLEEEEING.
  2921 | D:3      | 2921 ||| READING 2 scrolls of identify.
  2921 | D:3      | 2921 ||| IDENTIFYING bubbling sapphire potion
  3084 | D:4      | 3084 ||| Stepping ~*~*~tactically~*~*~ (stealth).
  3105 | D:4      | Noticed Sigmund
  3106 | D:4      | 3106 ||| Stepping ~*~*~tactically~*~*~ (stealth).
  3112 | D:4      | 3112 ||| Stepping ~*~*~tactically~*~*~ (stealth).
  3123 | D:4      | 3123 ||| Stepping ~*~*~tactically~*~*~ (stealth).
  3150 | D:4      | Killed Sigmund
  3151 | D:4      | Reached skill level 6 in Axes
  3151 | D:4      | Reached XP level 7. HP: 42/43 MP: 7/7
  3185 | D:4      | 3185 ||| DROPPING +0 whip.
  3296 | D:4      | 3296 ||| Stepping ~*~*~tactically~*~*~ (stealth).
  3298 | D:4      | 3298 ||| Stepping ~*~*~tactically~*~*~ (stealth).
  3359 | D:4      | 3359 ||| Stepping ~*~*~tactically~*~*~ (stealth).
  3360 | D:4      | 3360 ||| Stepping ~*~*~tactically~*~*~ (stealth).
  3362 | D:4      | 3362 ||| Stepping ~*~*~tactically~*~*~ (stealth).
  3363 | D:4      | 3363 ||| Stepping ~*~*~tactically~*~*~ (stealth).
  3393 | D:4      | 3393 ||| Stepping ~*~*~tactically~*~*~ (stealth).
  3431 | D:4      | Noticed Menkaure
  3445 | D:4      | Killed Menkaure
  3446 | D:4      | Reached skill level 7 in Axes
  3524 | D:4      | Noticed Ijyb
  3534 | D:4      | Killed Ijyb
  3560 | D:4      | 3560 ||| Stepping ~*~*~tactically~*~*~ (stealth).
  3563 | D:4      | 3563 ||| Stepping ~*~*~tactically~*~*~ (stealth).
  3813 | D:4      | 3813 ||| READING scroll labelled PYAXACZIOR.
  3814 | D:4      | 3814 ||| READING scroll labelled CAETIS CULAER.
  3815 | D:4      | 3815 ||| READING scroll labelled FUX BACALUE.
  3816 | D:4      | 3816 ||| READING scroll labelled XOS COUNOWO.
  3847 | D:5      | Entered Level 5 of the Dungeon
  3863 | D:5      | HP: 11/44 [wight/+4 spear (9)]
  3863 | D:5      | HP: 5/44 [gnoll/+0 spear (6)]
  3864 | D:5      | 3864 ||| READING scroll of teleportation.
  3867 | D:5      | HP: 2/44 [wight/+4 spear (4)]
  3867 | D:5      | Slain by a gnoll

Levels and vault maps discovered:
D:1:      lightli_arrival_maybe_door_vault, layout_basic,
          hellmonk_ecumenical_altar_leap_of_faith
D:2:      layout_basic, basic_altar
D:3:      layout_basic, mainiacjoe_overflow_brackets, grunt_gozag_statues,
          led_xom_imps, lightli_sewer_entry_pipes, kennysheep_generic_room_12
D:4:      layout_basic, uniq_ijyb, uniq_sigmund, uniq_menkaure
D:5:      layout_loops_ring, amcnicky_altar_gilded

Skill      XL: |  1  2  3  4  5  6  7 |
---------------+----------------------+-----
Axes           | 2 3 4 5 6 7 |  7.0
Dodging        | 1 2 |  2.0
Fighting       | 4 5 |  5.0
Armour         | |  3.2
Shields        | |  3.2

Action                     |  1- 3 |  4- 6 |  7- 9 || total
---------------------------+-------+-------+-------++-------
  Melee: War axe           |   137 |   398 |   119 ||   654
  Throw: Boomerang         |       |    70 |       ||    70
    Use: Scroll            |     4 |     3 |     5 ||    12
         Potion            |       |     3 |       ||     3
 Armour: Scale mail        |    56 |    10 |       ||    66
         Ring mail         |       |   229 |    94 ||   323
  Dodge: Dodged            |    54 |   208 |    72 ||   334
  Block: Buckler           |    28 |    91 |    26 ||   145

Table legend:
 A = Non-vault XP
 B = Vault XP
 C = Vault XP percentage of total XP
 D = Non-vault monster count
 E = Vault monster count
 F = Vault count percentage of total count
                 A         B        C        D         E       F
            +---------+---------+-------+---------+---------+-------
      Total |     535 |     660 |  55.2 |      90 |      17 |  15.9
            +---------+---------+-------+---------+---------+-------
        D:1 |      49 |       0 |   0.0 |      27 |       0 |   0.0
        D:2 |      53 |       0 |   0.0 |      20 |       0 |   0.0
        D:3 |      85 |     224 |  72.5 |      18 |      14 |  43.8
        D:4 |     161 |     436 |  73.0 |      22 |       3 |  12.0
        D:5 |     187 |       0 |   0.0 |       3 |       0 |   0.0
            +---------+---------+-------+---------+---------+-------
